 Dungeon Crawl Stone Soup version 0.19.0 (webtiles) character file.

228 AlphabetPasta the Sneak (level 5, -4/45 HPs)
             Began as a Draconian Assassin on Nov 13, 2016.
             Slain by a mummy (7 damage)
             ... in an ossuary.
             The game lasted 00:12:55 (2845 turns).

AlphabetPasta the Sneak (Draconian Assassin)        Turns: 2845, Time: 00:12:56

Health: -4/45      AC:  7    Str: 14    XL:     5   Next: 71%
Magic:  5/5        EV: 12    Int: 16    God:
Gold:   77         SH:  0    Dex: 13    Spells: 0 memorised, 4 levels left

rFire  . . .     SeeInvis .     a - +2 dagger
rCold  . . .     Gourm    .     (armour unavailable)
rNeg   . . .     Faith    .     (no shield)
rPois  .         Spirit   .     (helmet restricted)
rElec  .         Reflect  .     c - +1 cloak
rCorr  .         Harm     .     (no gloves)
MR     .....                    (no boots)
Stlth  +++.......               p - amulet of rage
                                (no ring)
                                k - +5 ring of intelligence

@: flying, very slightly contaminated, hasted, very quick
A: unfitting armour, cold-blooded, AC +5
a: Evoke Berserk Rage


You were in an ossuary.
You were not hungry.

You visited 1 branch of the dungeon, and saw 4 of its levels.
You also visited: Ossuary.

You collected 77 gold pieces.

Inventory:

Hand Weapons
 a - a +2 dagger (weapon)
 b - a +0 blowgun
Missiles
 d - 19 poisoned needles
 e - 2 curare-tipped needles
Armour
 c - a +1 cloak (worn)
Jewellery
 k - a +5 ring of intelligence (left hand)
 p - an amulet of rage (around neck)
Scrolls
 h - a scroll of remove curse
 i - a scroll of teleportation
 n - a scroll of enchant armour
Potions
 j - 3 potions of haste
 o - a potion of might
 r - a potion of curing {unknown}
 s - a potion of lignification {unknown}
 t - a potion of ambrosia {unknown}
Comestibles
 f - 2 bread rations
 g - 2 meat rations
 l - a slice of pizza
 m - 8 fruits
 u - 4 chunks of flesh


   Skills:
 + Level 3.1 Fighting
 * Level 4.1 Short Blades
 - Level 1.7 Throwing
 + Level 2.0 Dodging
 * Level 4.7 Stealth
 + Level 0.6 Evocations


You had 4 spell levels left.
You didn't know any spells.

Dungeon Overview and Level Annotations

Branches:
Dungeon (4/15)
 Temple: D:4-7

Altars:
Qazlal


Innate Abilities, Weirdness & Mutations

Your plain brown scales are hard. (AC +5)
You cannot fit into any form of body armour.
You are cold-blooded and may be slowed by cold attacks.


Message History

The mummy barely misses you.
You hit the mummy but do no damage. You hit the mummy but do no damage.
The mummy closely misses you.
You hit the mummy.
The mummy is lightly damaged.
You hit the mummy but do no damage.
The mummy is lightly damaged.
The mummy hits you.
You hit the mummy. You tail-slap the mummy.
The mummy is heavily damaged.
You hit the mummy but do no damage.
Your tail-slap misses the mummy.
The mummy is heavily damaged.
The mummy hits you!
* * * LOW HITPOINT WARNING * * *
It was a potion of haste.
You feel yourself speed up.
You are very lightly contaminated with residual magic.
It was a potion of flight.
You feel very buoyant.
You fly up into the air.
The mummy hits you!
You die...

.? !!. .# #.# .#
###+### #.# .##
##.....## ##.+
..###.......###..#
...#.........#...+
...'....⌠....'...###
...#.........#..M'.#
..###.......###.@###
.## ##.....## ##.+
.# ###'### #.# .#
#.# #.# ?! ##.## ?!?
??# #.∩.# !?? ###
#.∩.# ### #####


You could see a mummy.

Vanquished Creatures
  A human zombie (Ossuary)
  Natasha (thrice) (D:3)
  Robin (D:2)
  2 adders (D:3)
  2 worms (D:3)
  3 dart slugs
  5 leopard geckos
  8 bats
  5 giant cockroaches
  15 goblins
  6 hobgoblins
  4 jackals (D:1)
  5 kobolds
  A quokka (D:3)
  5 frilled lizards
  A goblin zombie (Ossuary)
  2 kobold zombies (Ossuary)
  An orc zombie (Ossuary)
  8 rats
78 creatures vanquished.

Notes
Turn   | Place    | Note
-------+----------+-------------------------------------------
     0 | D:1      | AlphabetPasta the Draconian Assassin began the quest for the Orb.
     0 | D:1      | Reached XP level 1. HP: 17/17 MP: 1/1
   139 | D:1      | Reached XP level 2. HP: 24/24 MP: 2/2
   765 | D:2      | Reached XP level 3. HP: 30/30 MP: 3/3
   778 | D:2      | Noticed Robin
   789 | D:2      | Reached skill level 1 in Dodging
   909 | D:2      | Killed Robin
  1560 | D:2      | Reached XP level 4. HP: 37/37 MP: 4/4
  1779 | D:3      | Noticed Natasha
  1786 | D:3      | Found a stormy altar of Qazlal.
  1798 | D:3      | Killed Natasha
  1842 | D:3      | Noticed Natasha
  1853 | D:3      | Killed Natasha
  2166 | D:3      | Reached XP level 5. HP: 44/44 MP: 5/5
  2255 | D:3      | Noticed Natasha
  2273 | D:3      | Killed Natasha
  2762 | D:4      | Found a sand-covered staircase.
  2771 | Ossuary  | Entered an ossuary
  2845 | Ossuary  | Slain by a mummy

Skill      XL: |  1  2  3  4  5 |
---------------+----------------+-----
Dodging        | 1 2 |  2.0
Short Blades   | 3 4 |  4.1
Stealth        | 4 |  4.7
Fighting       | 3 |  3.1
Throwing       | |  1.7
Evocations     | |  0.6

Action                   |  1- 3 |  4- 6 || total
-------------------------+-------+-------++-------
Melee: Dagger            |   130 |   131 ||   261
       Tailslap          |    16 |    15 ||    31
 Fire: Blowgun           |       |    21 ||    21
  Use: Scroll            |       |     9 ||     9
       Potion            |       |     2 ||     2
 Stab: Sleeping          |     8 |     6 ||    14
       Distracted        |     1 |     1 ||     2
  Eat: Chunk             |     2 |     4 ||     6
Armor: Skin              |    34 |    25 ||    59
Dodge: Dodged            |    75 |    48 ||   123
